Map: Nightshade LE

Players

Khun (Ranger) - Winner!

  • Race: Protoss Protoss
  • Spawn Location: 11:00

Enrique (Quantel)

  • Race: Protoss Protoss
  • Spawn Location: 5:00

Event: SEA Games 2019

VOD

https://youtu.be/cya3dwxFZt8

Description

Time

  • Played on: Dec. 5, 2019, 10:34 p.m.
  • Length: 6:05

All games in this series

Show
View Real Time Build Order
Export as new Build Order

Khun Protoss - Winner!

Build Orders:  

Get SALT Encoding   

  12  0:00  Probe  
  13  0:12  Probe  
  14  0:17  Pylon  
  14  0:24  Probe (Chrono Boost)  
  15  0:37  Probe (Chrono Boost), Gateway  
  16  0:44  Probe (Chrono Boost)  
  16  0:47  Assimilator  
  17  0:51  Probe  
  17  0:56  Assimilator  
  18  1:03  Probe  
  19  1:09  Gateway  
  19  1:15  Probe  
  20  1:25  Cybernetics Core  
  20  1:27  Probe  
  21  1:35  Pylon  
  21  1:39  Probe  
  22  1:52  Probe  
  23  2:01  Adept x2 (Chrono Boost)  
  23  2:03  Warp Gate (Chrono Boost)  
  27  2:08  Pylon  
  27  2:09  Probe  
  27  2:14  Pylon  
  28  2:28  Stalker  
  30  2:37  Stalker, Shield Battery  
  30  2:44  Shield Battery  
  32  2:45  Gateway  
  32  2:58  Stalker  
  34  3:13  Stalker  
  36  3:20  Robotics Facility  
  32  3:39  Shield Battery  
  32  3:40  Pylon  
  26  3:50  Stalker x3  
  28  4:07  Immortal (Chrono Boost)  
  32  4:14  Sentry  
  32  4:15  Adept  
  36  4:22  Sentry  
  38  4:25  Pylon  
  36  4:37  Adept, Sentry  
  38  4:46  Adept  
  40  5:06  Immortal  
  44  5:08  Adept  
  46  5:18  Adept  
  48  5:27  Pylon  
  48  5:34  Adept  
  48  5:49  Adept  
Show
View Real Time Build Order
Export as new Build Order

Enrique Protoss 

Build Orders:  

Get SALT Encoding   

  12  0:01  Probe  
  13  0:13  Probe  
  14  0:17  Pylon  
  14  0:25  Probe (Chrono Boost)  
  16  0:37  Probe (Chrono Boost)  
  16  0:38  Gateway  
  16  0:42  Probe (Chrono Boost)  
  16  0:45  Assimilator  
  17  0:51  Probe  
  17  0:54  Assimilator  
  18  1:03  Probe (Chrono Boost)  
  19  1:07  Gateway  
  19  1:13  Probe (Chrono Boost)  
  19  1:18  Probe (Chrono Boost)  
  20  1:25  Cybernetics Core  
  21  1:30  Probe  
  22  1:41  Pylon  
  22  1:43  Probe  
  24  2:02  Robotics Facility  
  24  2:03  Stalker  
  24  2:05  Warp Gate  
  25  2:08  Stalker  
  25  2:14  Pylon  
  27  2:33  Stalker  
  29  2:38  Stalker  
  32  2:47  Shield Battery  
  32  2:50  Immortal (Chrono Boost)  
  23  3:41  Immortal (Chrono Boost)  
  27  3:55  Probe  
  29  4:11  Zealot x2  
  30  4:30  Warp Prism (Chrono Boost)  
  28  4:37  Sentry  
  30  4:42  Sentry  
  32  4:52  Pylon  
  32  5:19  Probe  
  33  5:25  Adept x2  
  31  5:56  Zealot x2  
Tags
 
Add a new tag
Caveats
  • Supply blocks, unpowered buildings, or Contaminate may cause inaccurate times.
  • Supply counts are checked every 10 seconds.